AoeStats
← IGI.The_Jenk

Oasis

508179153Analyzed
3v3 RM · 11d ago on Sep 21, 2026· 45m 23s· 6 players
Game mode
Random Map
Map size
Normal (6 player)
Population
200
Speed
Normal
Resources
Standard
Victory
Conquest
Starting age
Dark Age
Ending age
Imperial Age
RankedLock teamsTeams togetherTeam positionsShared explorationLock speedFull tech treeHidden civsTurbo modeCheats
Victory
Defeat
🇬🇧 Magyars · United Kingdom
1118
+11
🇬🇧 Wei · United Kingdom
1032
+15
🇬🇧 Romans · United Kingdom
1022
+15
🇩🇪 Khmer · Germany
1070
-16
🇨🇳 Vietnamese · China
1012
-14
🇩🇪 Bulgarians · Germany
944
-11
品哥揍老外
8:38 Loom
14:04 Feudal Age
17:19 Double-Bit Axe
19:59 Castle Age
20:15 Stone Mining
20:10 Horse Collar
20:19 Arson
20:42 Squires
22:53 Gold Mining
30:08 Wheelbarrow
36:22 Imperial Age
34:08 Hand Cart
33:38 Town Watch
34:27 Fletching
34:38 Padded Archer Armor
35:36 Arson
35:12 Pikeman
36:17 Chatras
37:05 Bodkin Arrow
37:18 Scale Barding Armor
37:24 Forging
37:30 Leather Archer Armor
36:39 Halberdier
37:36 Leather Archer Armor
37:22 Scale Mail Armor
38:07 Paper Money
37:11 Elite Rattan Archer
38:14 Heavy Plow
38:56 Thumb Ring
38:14 Elite Skirmisher
38:59 Imperial Skirmisher
41:44 Chain Barding Armor
42:03 Iron Casting
41:32 Elite Battle Elephant
42:16 Husbandry
42:27 Bloodlines
43:32 Bloodlines
45:37 Plate Barding Armor
45:03 Bracer
45:33 Ring Archer Armor
Lotus
11:10 Feudal Age
10:08 Loom
10:11 Loom
15:59 Castle Age
14:15 Double-Bit Axe
14:42 Horse Collar
18:06 Wheelbarrow
20:34 Bow Saw
21:23 Light Cavalry
23:39 Hand Cart
27:03 Bloodlines
31:51 Forging
31:47 Scale Barding Armor
35:42 Imperial Age
33:57 Fortified Wall
33:58 Masonry
35:15 Husbandry
35:53 Iron Casting
35:39 Chain Barding Armor
35:46 Hussar
40:30 Elite Ballista Elephant
41:37 Conscription
41:19 Double Crossbow
41:55 Hoardings
OregonGruss7584
4:00 Loom
11:17 Feudal Age
20:19 Double-Bit Axe
20:47 Stone Mining
20:48 Gold Mining
23:41 Castle Age
22:54 Forging
22:44 Scale Mail Armor
23:29 Fletching
25:53 Iron Casting
IGI.The_Doctor_Bish
7:31 Loom
10:25 Feudal Age
11:15 Man-at-Arms
12:12 Scale Mail Armor
18:31 Castle Age
16:23 Double-Bit Axe
18:37 Horse Collar
23:32 Bow Saw
23:51 Heavy Plow
24:28 Wheelbarrow
24:29 Pikeman
25:50 Squires
27:12 Chain Mail Armor
28:02 Hand Cart
28:51 Stone Mining
28:53 Gold Mining
29:43 Forging
31:45 Ballistics
34:08 Imperial Age
31:42 Town Watch
32:50 Town Patrol
34:15 Gold Shaft Mining
34:43 Iron Casting
34:59 Halberdier
35:08 Heavy Scorpion
38:14 Chemistry
37:20 Siege Engineers
38:20 Blast Furnace
39:14 Comitatenses
39:00 Ballistas
40:50 Scale Barding Armor
41:01 Masonry
41:24 Crop Rotation
41:46 Conscription
IGI.The_Jenk
7:44 Loom
9:54 Feudal Age
10:52 Double-Bit Axe
13:25 Horse Collar
15:56 Gold Mining
18:01 Stone Mining
21:41 Castle Age
21:22 Wheelbarrow
22:44 Bow Saw
22:36 Heavy Plow
23:12 Gold Shaft Mining
23:15 Stone Shaft Mining
23:18 Bloodlines
23:09 Husbandry
23:28 Scale Barding Armor
25:45 Chain Barding Armor
26:38 Forging
28:39 Hand Cart
32:05 Iron Casting
37:08 Imperial Age
35:48 Tuntian
36:34 Ballistics
38:59 Blast Furnace
38:50 Crop Rotation
39:05 Conscription
39:23 Ming Guang Armor
38:31 Elite Tiger Cavalry
39:06 Onager
42:00 Chemistry
40:49 Town Watch
IGI.Sir_JoshuLa.LemsipEsports
7:27 Loom
9:33 Feudal Age
16:13 Double-Bit Axe
22:09 Castle Age
20:19 Gold Mining
21:26 Fletching
21:48 Horse Collar
23:12 Wheelbarrow
23:32 Wheelbarrow
24:42 Bodkin Arrow
25:15 Husbandry
25:43 Bloodlines
26:36 Bow Saw
30:06 Thumb Ring
34:03 Imperial Age
34:09 Stone Mining
35:25 Parthian Tactics
35:05 Bracer
34:47 Heavy Cavalry Archer
37:09 Padded Archer Armor
39:09 Parthian Tactics
42:17 Leather Archer Armor
42:08 Scale Barding Armor
42:27 Recurve Bow
45:02 Ring Archer Armor
Connection lost

Rejoining the realm…

Still unreachable

The connection could not be restored.

Session expired

The server has moved on; the page needs a fresh start.